AoeStats
← ali_mansour10

Fortress

508052561Analyzed
3v3 RM · 11d ago on Sep 20, 2026· 53m 41s· 6 players
Game mode
Random Map
Map size
Large (8 player)
Population
200
Speed
Normal
Resources
Standard
Victory
Conquest
Starting age
Dark Age
Ending age
Imperial Age
RankedLock teamsTeams togetherTeam positionsShared explorationLock speedFull tech treeHidden civsTurbo modeCheats
Victory
Defeat
🇱🇧 Bulgarians · Lebanon
787
+15
🇳🇮 Saracens · Nicaragua
709
+18
🇹🇷 Bohemians · Türkiye
695
+18
🇪🇸 Aztecs · Spain
773
-18
🇧🇷 Persians · Brazil
771
-18
🇭🇷 Persians · Croatia
704
-15
MarcAOE2
1:25 Loom
8:59 Feudal Age
10:18 Wheelbarrow
9:28 Town Watch
12:48 Forging
12:25 Horse Collar
15:36 Castle Age
15:13 Scale Mail Armor
15:14 Padded Archer Armor
15:06 Fletching
15:19 Double-Bit Axe
16:39 Hand Cart
17:29 Squires
21:10 Bow Saw
22:19 Padded Archer Armor
22:10 Fletching
23:19 Heavy Plow
23:43 Gold Mining
23:44 Stone Mining
27:06 Gold Shaft Mining
27:50 Elite Skirmisher
28:54 Leather Archer Armor
29:33 Ballistics
29:09 Arson
29:54 Gambesons
30:23 Bodkin Arrow
34:26 Imperial Age
33:00 Sanctity
33:40 Atlatl
34:49 Chain Mail Armor
34:28 Capped Ram
36:29 Crop Rotation
36:37 Garland Wars
37:04 Iron Casting
38:43 Conscription
40:51 Plate Mail Armor
43:31 Blast Furnace
43:21 Crossbowman
43:38 Pikeman
45:21 Bracer
Tompzera
7:12 Feudal Age
7:34 Horse Collar
8:30 Wheelbarrow
7:56 Double-Bit Axe
10:58 Town Watch
15:51 Castle Age
14:22 Gold Mining
14:41 Stone Mining
15:45 Bloodlines
17:34 Hand Cart
18:24 Forging
19:45 Heavy Plow
21:25 Padded Archer Armor
22:32 Murder Holes
24:10 Bow Saw
25:46 Leather Archer Armor
25:23 Fletching
25:51 Leather Archer Armor
31:14 Imperial Age
28:38 Loom
30:27 Town Patrol
30:39 Crossbowman
31:21 Kamandaran
32:14 Crop Rotation
32:49 Two-Man Saw
34:16 Elite Skirmisher
35:24 Onager
35:31 Pikeman
36:42 Halberdier
37:35 Scale Barding Armor
38:06 Iron Casting
37:27 Bodkin Arrow
38:11 Thumb Ring
37:29 Cavalier
38:16 Scale Mail Armor
38:49 Gambesons
39:32 Conscription
43:21 Man-at-Arms
45:59 Chemistry
45:19 Ballistics
44:52 Heated Shot
45:13 Masonry
44:27 Long Swordsman
45:09 Squires
45:16 Savar
45:57 Husbandry
47:22 Chain Barding Armor
48:03 Blast Furnace
53:34 Light Cavalry
Antheus Inmitis
2:28 Loom
2:51 Loom
6:17 Feudal Age
6:47 Double-Bit Axe
7:40 Wheelbarrow
11:46 Gold Mining
15:23 Castle Age
13:21 Horse Collar
17:04 Bow Saw
17:34 Gold Shaft Mining
17:12 Scale Barding Armor
17:19 Forging
17:14 Heavy Plow
21:11 Hand Cart
22:08 Caravan
22:25 Husbandry
22:36 Bloodlines
27:51 Imperial Age
26:51 Chain Barding Armor
28:09 Iron Casting
27:39 Stone Mining
29:11 Stone Shaft Mining
29:39 Two-Man Saw
29:24 Plate Barding Armor
28:14 Cavalier
28:18 Man-at-Arms
28:59 Squires
28:44 Gambesons
29:05 Scale Mail Armor
30:49 Conscription
32:27 Savar
32:30 Elite War Elephant
34:39 Guilds
41:11 Long Swordsman
41:37 Arson
43:00 Blast Furnace
42:16 Chain Mail Armor
46:35 Heavy Scorpion
ali_mansour10
5:46 Loom
8:16 Feudal Age
9:35 Wheelbarrow
9:06 Double-Bit Axe
9:03 Horse Collar
15:52 Castle Age
17:17 Bow Saw
17:24 Hand Cart
17:56 Heavy Plow
22:19 Light Cavalry
22:59 Husbandry
23:08 Stirrups
23:09 Stone Mining
24:33 Squires
24:19 Gambesons
25:02 Scale Mail Armor
25:08 Scale Barding Armor
25:14 Forging
26:58 Chain Mail Armor
26:27 Pikeman
28:07 Ballistics
27:43 Murder Holes
27:58 Masonry
28:03 Caravan
28:37 Coinage
28:29 Bloodlines
28:22 Town Watch
28:39 Gold Mining
29:32 Stone Shaft Mining
29:45 Town Patrol
30:55 Gold Shaft Mining
31:10 Chain Barding Armor
31:26 Iron Casting
36:43 Imperial Age
34:55 Caravan
37:06 Elite Konnik
38:09 Conscription
38:30 Plate Barding Armor
38:58 Blast Furnace
38:28 Plate Mail Armor
39:11 Chemistry
38:18 Siege Engineers
38:43 Architecture
39:07 Capped Ram
41:12 Siege Ram
41:37 Halberdier
43:07 Hussar
chingon
7:21 Feudal Age
8:22 Double-Bit Axe
8:19 Horse Collar
14:38 Stone Mining
17:47 Castle Age
23:34 Town Watch
24:29 Fortified Wall
24:41 Ballistics
23:51 Pikeman
24:31 Squires
24:17 Gambesons
24:18 Arson
24:48 Town Patrol
28:31 Husbandry
29:36 Bloodlines
33:26 Caravan
37:26 Imperial Age
35:39 Wheelbarrow
34:50 Loom
36:19 Elite Skirmisher
37:04 Thumb Ring
38:11 Hand Cart
39:11 Hoardings
41:03 Bow Saw
41:01 Scale Barding Armor
41:07 Forging
40:48 Fletching
40:59 Padded Archer Armor
40:54 Heavy Camel Rider
43:35 Chain Barding Armor
43:52 Iron Casting
43:38 Leather Archer Armor
43:20 Bodkin Arrow
45:16 Plate Barding Armor
45:43 Blast Furnace
49:34 Ring Archer Armor
49:05 Bracer
50:09 Chemistry
49:21 Heavy Plow
50:41 Siege Engineers
DUREX
0:46 Loom
9:05 Feudal Age
10:19 Double-Bit Axe
10:17 Horse Collar
11:20 Wheelbarrow
13:13 Arson
18:06 Castle Age
19:38 Bow Saw
19:30 Heavy Plow
20:45 Pikeman
21:28 Squires
27:42 Imperial Age
27:03 Wagenburg Tactics
28:09 Hand Cart
28:07 Capped Ram
28:09 Halberdier
32:06 Chemistry
30:49 Treadmill Crane
32:36 Town Watch
32:45 Houfnice
34:28 Caravan
35:33 Two-Man Saw
35:43 Town Patrol
36:06 Ballistics
35:52 Siege Engineers
35:43 Murder Holes
Connection lost

Rejoining the realm…

Still unreachable

The connection could not be restored.

Session expired

The server has moved on; the page needs a fresh start.